[ AOE2 MATCH · #494977262 ]
UnrankedTeutons vs Teutons
Player's team · WIN
Rival team · LOSS
[ REPLAY ANALYSIS · EXTRACTED FROM THE RECORDED GAME ]
Feudal
12:08
Castle
21:28
Imperial
35:51
| APM avg | 26.0 |
| APM peak | 55 |
| eAPM avg | 15.9 |
| Villagers / military | 129 / 83 |
Focus
⚔️ 26.4% · 🌾 73.6%
Spearman ×26 · Teutonic Knight ×22 · Hand Cannoneer ×15 · Militia ×13 · Battering Ram ×5 · Trebuchet (Packed) ×2
Feudal
8:51
Castle
21:08
Imperial
32:14
| APM avg | 55.7 |
| APM peak | 104 |
| eAPM avg | 33.4 |
| Villagers / military | 131 / 33 |
Focus
⚔️ 17.6% · 🌾 82.4%
Knight ×22 · Bombard Cannon ×4 · Monk ×3 · Mangonel ×2 · Battering Ram ×2
Match map
Initial resources + every placement click. Lines = walls · curves = elevation contours. ◆ gold · ⬟ stone · ● berries · ✦ relic · ◌ wall gap
Your base· ✓ Closed at 21:28 · 1t walls · 2 gate(s)
1lac's base· ✓ Closed at 21:08 · 12t walls · 3 gate(s)
Smoothed initial terrain · ◌ = detected wall gap · hover for details
Inputs per minute
— lauyikken123 - - 1lac
Build order — lauyikken123
First 150 of 345 actions detected
| 0:01 | Queue | Villager (Male) |
| 0:01 | Queue | Villager (Male) |
| 0:02 | Queue | Villager (Male) |
| 0:02 | Queue | Villager (Male) |
| 0:03 | Build | House |
| 0:05 | Build | House |
| 0:22 | Build | House |
| 1:35 | Queue | Villager (Male) |
| 2:18 | Queue | Villager (Male) |
| 2:19 | Queue | Villager (Male) |
| 3:18 | Queue | Villager (Male) |
| 3:40 | Queue | Villager (Male) |
| 3:51 | Queue | Villager (Male) |
| 4:23 | Queue | Villager (Male) |
| 4:52 | Queue | Villager (Male) |
| 4:52 | Queue | Villager (Male) |
| 4:55 | Queue | Villager (Male) |
| 5:05 | Queue | Villager (Male) |
| 5:29 | Queue | Villager (Male) |
| 6:13 | Queue | Villager (Male) |
| 6:17 | Build | House |
| 6:49 | Queue | Villager (Male) |
| 6:51 | Build | Mill |
| 7:04 | Build | Lumber Camp |
| 7:10 | Queue | Villager (Male) |
| 7:21 | Queue | Villager (Male) |
| 7:32 | Queue | Villager (Male) |
| 7:58 | Build | House |
| 8:04 | Queue | Villager (Male) |
| 8:51 | Build | Mill |
| 9:07 | Queue | Villager (Male) |
| 9:14 | Build | Mining Camp |
| 9:28 | Queue | Villager (Male) |
| 9:45 | Research | Feudal Age |
| 9:50 | Build | Barracks |
| 10:02 | Queue | Villager (Male) |
| 10:21 | Build | Farm |
| 10:22 | Build | Farm |
| 10:22 | Build | Farm |
| 10:31 | Build | House |
| 10:41 | Build | House |
| 10:42 | Build | House |
| 10:46 | Queue | Villager (Male) |
| 10:52 | Queue | Militia |
| 10:52 | Queue | Militia |
| 10:53 | Queue | Militia |
| 11:00 | Build | Farm |
| 11:00 | Build | Farm |
| 11:08 | Build | Farm |
| 11:11 | Build | Farm |
| 11:17 | Build | Farm |
| 11:42 | Queue | Militia |
| 11:53 | Build | Barracks |
| 12:01 | Build | Farm |
| 12:08 | Age | Feudal Age |
| 12:12 | Build | Farm |
| 12:16 | Research | Man-at-Arms (upgrade) |
| 12:17 | Queue | Militia |
| 12:28 | Build | Watch Tower |
| 12:46 | Queue | Villager (Male) |
| 12:46 | Queue | Villager (Male) |
| 13:04 | Queue | Villager (Male) |
| 13:10 | Queue | Villager (Male) |
| 14:11 | Queue | Militia |
| 14:11 | Queue | Militia |
| 14:12 | Queue | Villager (Male) |
| 14:43 | Queue | Villager (Male) |
| 14:45 | Build | Farm |
| 15:10 | Queue | Villager (Male) |
| 15:13 | Build | Blacksmith |
| 15:17 | Research | Double-Bit Axe |
| 15:27 | Queue | Villager (Male) |
| 15:46 | Queue | Villager (Male) |
| 15:54 | Build | Mining Camp |
| 15:59 | Queue | Villager (Male) |
| 16:02 | Queue | Villager (Male) |
| 16:06 | Build | Farm |
| 16:21 | Build | Market |
| 16:26 | Queue | Villager (Male) |
| 17:00 | Build | Farm |
| 17:11 | Build | Farm |
| 17:11 | Build | Farm |
| 17:15 | Build | Farm |
| 17:19 | Queue | Villager (Male) |
| 17:31 | Build | House |
| 17:32 | Build | House |
| 17:33 | Build | House |
| 17:38 | Build | Farm |
| 17:38 | Build | Farm |
| 17:41 | Build | Farm |
| 18:04 | Queue | Villager (Male) |
| 18:07 | Queue | Villager (Male) |
| 18:18 | Build | Farm |
| 18:44 | Research | Castle Age |
| 19:13 | Build | House |
| 19:13 | Build | House |
| 19:15 | Research | Forging |
| 19:34 | Research | Stone Mining |
| 19:38 | Queue | Militia |
| 19:52 | Research | Scale Mail Armor |
| 20:22 | Queue | Villager (Male) |
| 20:41 | Queue | Villager (Male) |
| 20:46 | Build | Farm |
| 20:47 | Research | Horse Collar |
| 20:59 | Queue | Villager (Male) |
| 21:00 | Queue | Villager (Male) |
| 21:26 | Build | Stone Wall |
| 21:28 | Age | Castle Age |
| 21:32 | Build | Stone Wall |
| 21:36 | Research | Long Swordsman (upgrade) |
| 21:37 | Queue | Villager (Male) |
| 21:54 | Queue | Villager (Male) |
| 21:55 | Research | Bow Saw |
| 21:57 | Queue | Villager (Male) |
| 22:06 | Build | Farm |
| 22:35 | Queue | Villager (Male) |
| 22:39 | Research | Gold Mining |
| 23:02 | Build | Town Center |
| 23:13 | Queue | Villager (Male) |
| 23:30 | Research | Gold Mining |
| 23:46 | Research | Gambesons |
| 23:51 | Research | Squires |
| 23:54 | Research | Chain Mail Armor |
| 24:31 | Queue | Villager (Male) |
| 24:51 | Queue | Villager (Male) |
| 24:52 | Queue | Villager (Male) |
| 24:53 | Queue | Villager (Male) |
| 24:53 | Queue | Villager (Male) |
| 24:53 | Queue | Villager (Male) |
| 24:56 | Queue | Villager (Male) |
| 24:57 | Queue | Villager (Male) |
| 25:07 | Build | Castle |
| 25:24 | Queue | Militia |
| 25:24 | Queue | Militia |
| 25:26 | Queue | Villager (Male) |
| 25:28 | Queue | Villager (Male) |
| 25:29 | Queue | Villager (Male) |
| 26:12 | Build | Siege Workshop |
| 26:16 | Queue | Militia |
| 26:24 | Queue | Teutonic Knight |
| 26:24 | Queue | Teutonic Knight |
| 26:27 | Queue | Teutonic Knight |
| 26:29 | Queue | Villager (Male) |
| 26:31 | Research | Wheelbarrow |
| 26:35 | Build | Town Center |
| 26:43 | Queue | Villager (Male) |
| 26:45 | Queue | Battering Ram |
| 27:12 | Research | Loom |
| 27:12 | Queue | Villager (Male) |
| 27:13 | Research | Town Watch |
Build order — 1lac
First 150 of 305 actions detected
| 0:00 | Queue | Villager (Male) ×4 |
| 0:01 | Queue | Villager (Male) ×4 |
| 0:02 | Build | House |
| 0:04 | Build | House |
| 1:23 | Queue | Villager (Male) |
| 1:53 | Queue | Villager (Male) |
| 1:53 | Queue | Villager (Male) |
| 2:11 | Queue | Villager (Male) |
| 2:11 | Queue | Villager (Male) |
| 2:41 | Queue | Villager (Male) |
| 2:41 | Queue | Villager (Male) |
| 3:00 | Build | Lumber Camp |
| 3:19 | Queue | Villager (Male) |
| 3:19 | Queue | Villager (Male) |
| 3:19 | Queue | Villager (Male) |
| 3:24 | Build | House |
| 4:04 | Queue | Villager (Male) |
| 4:24 | Queue | Villager (Male) |
| 4:57 | Queue | Villager (Male) |
| 5:19 | Queue | Villager (Male) |
| 5:45 | Queue | Villager (Male) |
| 5:53 | Build | Mining Camp |
| 6:12 | Research | Loom |
| 6:12 | Research | Loom |
| 6:38 | Research | Feudal Age |
| 6:38 | Research | Feudal Age |
| 7:59 | Build | House |
| 8:19 | Queue | Villager (Male) |
| 8:51 | Age | Feudal Age |
| 9:05 | Build | Watch Tower |
| 9:13 | Queue | Villager (Male) |
| 9:16 | Build | Blacksmith |
| 9:28 | Build | Palisade Wall |
| 9:39 | Queue | Villager (Male) |
| 10:01 | Queue | Villager (Male) |
| 10:09 | Build | House |
| 10:14 | Build | Mill |
| 10:19 | Research | Fletching |
| 10:22 | Queue | Villager (Male) |
| 10:36 | Queue | Villager (Male) |
| 10:36 | Queue | Villager (Male) |
| 10:59 | Queue | Villager (Male) |
| 10:59 | Queue | Villager (Male) |
| 11:13 | Build | Watch Tower |
| 11:19 | Build | Palisade Wall |
| 11:21 | Build | Palisade Wall |
| 11:23 | Build | Palisade Wall |
| 11:24 | Build | Palisade Wall |
| 11:26 | Build | Palisade Wall |
| 11:29 | Build | Palisade Wall |
| 11:32 | Build | Palisade Wall |
| 11:36 | Build | Palisade Wall |
| 11:37 | Build | Palisade Wall |
| 11:40 | Queue | Villager (Male) |
| 11:40 | Queue | Villager (Male) |
| 11:40 | Queue | Villager (Male) |
| 11:52 | Build | Farm |
| 12:18 | Build | Watch Tower |
| 12:19 | Queue | Villager (Male) |
| 12:19 | Queue | Villager (Male) |
| 12:21 | Build | Farm |
| 12:22 | Build | Farm |
| 12:25 | Build | Farm |
| 12:26 | Build | Farm |
| 12:31 | Build | House |
| 12:47 | Queue | Villager (Male) |
| 12:47 | Queue | Villager (Male) |
| 13:24 | Queue | Villager (Male) |
| 13:25 | Queue | Villager (Male) |
| 13:43 | Queue | Villager (Male) |
| 13:43 | Queue | Villager (Male) |
| 14:14 | Build | Farm |
| 14:14 | Build | Farm |
| 14:15 | Build | Farm |
| 14:17 | Queue | Villager (Male) |
| 14:36 | Build | Palisade Wall |
| 14:38 | Build | Palisade Wall |
| 14:47 | Build | Farm |
| 14:48 | Queue | Villager (Male) |
| 14:54 | Build | House |
| 15:25 | Queue | Villager (Male) |
| 15:31 | Build | House |
| 15:56 | Queue | Villager (Male) |
| 16:29 | Queue | Villager (Male) |
| 16:44 | Build | Mining Camp |
| 16:47 | Queue | Villager (Male) |
| 17:16 | Build | Market |
| 17:21 | Queue | Villager (Male) |
| 17:42 | Queue | Villager (Male) |
| 17:45 | Build | Farm |
| 18:02 | Build | Watch Tower |
| 18:16 | Build | House |
| 18:28 | Research | Castle Age |
| 18:39 | Build | House |
| 18:45 | Build | Barracks |
| 18:49 | Research | Double-Bit Axe |
| 18:50 | Research | Double-Bit Axe |
| 19:40 | Research | Horse Collar |
| 19:46 | Build | Farm |
| 19:56 | Build | House |
| 20:41 | Build | Stable |
| 20:49 | Build | Stable |
| 20:57 | Queue | Villager (Male) |
| 20:57 | Queue | Villager (Male) |
| 21:08 | Age | Castle Age |
| 21:11 | Build | Monastery |
| 21:22 | Research | Bow Saw |
| 21:24 | Queue | Villager (Male) |
| 21:44 | Queue | Villager (Male) |
| 21:48 | Queue | Monk |
| 21:50 | Queue | Villager (Male) |
| 21:53 | Queue | Villager (Male) |
| 22:02 | Build | House |
| 22:09 | Queue | Knight |
| 22:09 | Queue | Knight |
| 22:22 | Build | Town Center |
| 22:23 | Queue | Villager (Male) |
| 22:29 | Build | Farm |
| 22:33 | Queue | Villager (Male) |
| 22:47 | Queue | Monk |
| 22:55 | Build | Farm |
| 23:11 | Queue | Villager (Male) |
| 23:11 | Queue | Villager (Male) |
| 23:35 | Queue | Villager (Male) |
| 23:36 | Queue | Villager (Male) |
| 23:36 | Queue | Villager (Male) |
| 23:38 | Build | Farm |
| 23:40 | Build | Farm |
| 23:41 | Queue | Villager (Male) |
| 23:44 | Build | Lumber Camp |
| 23:47 | Build | Farm |
| 23:59 | Queue | Villager (Male) |
| 24:01 | Queue | Villager (Male) |
| 24:11 | Queue | Villager (Male) |
| 24:27 | Queue | Villager (Male) |
| 24:49 | Build | Castle |
| 24:52 | Build | Farm |
| 24:53 | Build | Farm |
| 24:54 | Queue | Villager (Male) |
| 24:58 | Research | Gold Mining |
| 25:00 | Queue | Villager (Male) |
| 25:04 | Queue | Monk |
| 25:28 | Research | Heavy Plow |
| 25:37 | Queue | Villager (Male) |
| 25:40 | Build | Farm |
| 25:43 | Build | Farm |
| 25:47 | Build | Farm |
| 25:51 | Build | Lumber Camp |
| 25:59 | Build | Palisade Wall |
| 26:00 | Build | Palisade Wall |
Match timeline
| 8:51 | 1lac · age_up feudal |
| 9:28 | 1lac · wall_segment Palisade Wall x1 |
| 9:50 | lauyikken123 · first_building Barracks |
| 11:19 | 1lac · wall_segment Palisade Wall x1 |
| 11:21 | 1lac · wall_segment Palisade Wall x1 |
| 11:23 | 1lac · wall_segment Palisade Wall x1 |
| 11:24 | 1lac · wall_segment Palisade Wall x1 |
| 11:26 | 1lac · wall_segment Palisade Wall x1 |
| 11:29 | 1lac · wall_segment Palisade Wall x1 |
| 11:32 | 1lac · wall_segment Palisade Wall x1 |
| 11:36 | 1lac · wall_segment Palisade Wall x1 |
| 11:37 | 1lac · wall_segment Palisade Wall x1 |
| 12:08 | lauyikken123 · age_up feudal |
| 14:36 | 1lac · wall_segment Palisade Wall x1 |
| 14:38 | 1lac · wall_segment Palisade Wall x1 |
| 18:10 | lauyikken123 · first_market_buy 100 food |
| 18:45 | 1lac · first_building Barracks |
| 20:41 | 1lac · first_building Stable |
| 21:08 | 1lac · age_up castle |
| 21:11 | 1lac · first_building Monastery |
| 21:26 | lauyikken123 · wall_segment Stone Wall x1 |
| 21:28 | lauyikken123 · age_up castle |
| 21:32 | lauyikken123 · wall_segment Stone Wall x1 |
| 24:49 | 1lac · first_building Castle |
| 25:07 | lauyikken123 · first_building Castle |
| 25:59 | 1lac · wall_segment Palisade Wall x1 |
| 26:00 | 1lac · wall_segment Palisade Wall x1 |
| 26:12 | lauyikken123 · first_building Siege Workshop |
| 28:13 | 1lac · first_market_buy 100 food |
| 28:31 | 1lac · first_building Archery Range |
| 29:50 | 1lac · first_building Siege Workshop |
| 32:04 | 1lac · wall_segment Stone Wall x1 |
| 32:14 | 1lac · age_up imperial |
| 32:37 | lauyikken123 · first_market_sell 100 wood |
| 33:55 | 1lac · wall_segment Stone Wall x1 |
| 35:51 | lauyikken123 · age_up imperial |
| 37:13 | lauyikken123 · first_building Archery Range |
| 38:49 | lauyikken123 · first_building Stable |
| 42:04 | 1lac · resign |
[ AI ANALYSIS · 1 CREDIT ]
What really happened in this match?
Wolo.gg analyzes every decision: build order, eco, micro, common mistakes by bracket. Personalized analysis on WhatsApp or Discord in 30 seconds.
Civ guide
Teutons
Perfil
Jugador #22582298